 Dungeon Crawl Stone Soup version 0.27.1-4-g1640c2035a (webtiles) character file.

Game seed: 14273045271525210880

616 McKennaii the Poker (level 7, -5/60 HPs)
             Began as a Demonspawn Fighter on Nov 12, 2021.
             Was an Initiate of Makhleb.
             Slain by Blork the orc (14 damage)
             ... on level 5 of the Dungeon.
             The game lasted 00:05:50 (5576 turns).

McKennaii the Poker (Demonspawn Fighter)            Turns: 5576, Time: 00:05:51

Health: -5/60      AC:  9    Str: 17    XL:     7   Next: 21%
Magic:  7/7        EV:  7    Int:  9    God:    Makhleb [......]
Gold:   163        SH:  9    Dex: 12    Spells: 6/6 levels left

rFire    . . .     SeeInvis .   a - +0 trident
rCold    + . .     Faith    .   c - +0 kite shield
rNeg     . . .     Spirit   .   b - +0 scale mail
rPois    .         Reflect  .   (helmet restricted)
rElec    .         Harm     .   (no cloak)
rCorr    .         Rampage  .   (no gloves)
Will     .....                  (no boots)
Stlth    ..........             (no amulet)
HPRegen  0.20/turn              g - ring of protection from cold
MPRegen  0.10/turn              (no ring)

@: lethally poisoned (-5 -> -17)
A: antennae 1, molten scales 1, powered by death 1, spiny 1, clumsy 1, robust 1
a: Renounce Religion


You were on level 5 of the Dungeon.
You worshipped Makhleb.
Makhleb was noncommittal.
You visited 2 branches of the dungeon, and saw 6 of its levels.

You collected 163 gold pieces.

Inventory:

Hand Weapons
 a - a +0 trident (weapon)
Armour
 b - a +0 scale mail (worn)
 c - a +0 kite shield (worn)
Jewellery
 g - a ring of protection from cold (left hand)
Wands
 l - a wand of paralysis (6)
 m - a wand of iceblast (8)
 o - a wand of flame (21)
Scrolls
 e - 3 scrolls of teleportation
 h - a scroll of identify
 i - a scroll of fear
 k - 2 scrolls of magic mapping {unknown}
 n - a scroll of enchant weapon {unknown}
Potions
 d - a potion of might
 f - a potion of haste {unknown}
 j - 3 potions of heal wounds


   Skills:
 * Level 4.3 Fighting
 * Level 4.9 Polearms
 + Level 4.2 Armour
 + Level 1.4 Dodging
 + Level 0.3 Stealth
 + Level 3.6 Shields


You had 6 spell levels left.
You didn't know any spells.
Your spell library contained the following spells:

 Spells                   Type           Power      Damage    Failure   Level
 Freezing Cloud           Conj/Ice/Air   0%         6-21      100%        5
 Simulacrum               Ice/Necr       0%         N/A       100%        6
 Polar Vortex             Ice            0%         N/A       100%        9


Dungeon Overview and Level Annotations

Branches:
Dungeon (5/15)             Temple (1/1) D:4

Altars:
Ashenzari
Cheibriados
Dithmenos
Elyvilon
Fedhas
Gozag
Hepliaklqana
Makhleb
Nemelex Xobeh
Okawaru
Ru
Trog
Xom
Zin

Annotations:
D:5 Blork the orc


Innate Abilities, Weirdness & Mutations

You have a pair of small antennae on your head.
You are partially covered in molten scales. (AC +2)
You regenerate a little health from kills.
You are partially covered in sharp spines.
You are clumsy. (Dex -2)
You are robust. (+10% HP)


Message History

The adder is almost dead.
You feel very sick.
Blork the orc drinks a potion.
Blork the orc seems to grow stronger.
You block the adder's attack.
Blork the orc mumbles some strange words.
Blork the orc seems to speed up.
You puncture the adder!
You kill the adder!
Makhleb accepts your kill.
You feel very sick. You block Blork the orc's attack.
Blork the orc casts a spell at you. The puff of frost hits you. You resist.
You reach to attack!
You hit Blork the orc but do no damage.
You feel sick.
Blork the orc hits you from afar with a +0 glaive of venom.
You are more poisoned.
You are too injured to fight recklessly!
You are too injured to fight recklessly!
Unknown command.
Unknown command.
You are too injured to fight recklessly!
Reach: a) +0 trident
Press: ? - help, Dir - move target, f/p - Blork the orc
Aim: Blork the orc, wielding a +0 glaive of venom and wearing a +0 robe (fast, strong, about 36% to evade your +0 trident)
You reach to attack!
You puncture Blork the orc!
Blork the orc is moderately wounded.
You feel very sick.
Blork the orc hits you from afar with a +0 glaive of venom!
* * * LOW HITPOINT WARNING * * *
Blork the orc barely misses you.
Unknown command.
Reach: a) +0 trident
Press: ? - help, Dir - move target, f/p - Blork the orc
Aim: Blork the orc, wielding a +0 glaive of venom and wearing a +0 robe (moderately wounded, fast, strong, about 36% to evade your +0 trident)
You reach to attack!
You barely miss Blork the orc.
Blork the orc is moderately wounded.
* * * LOW HITPOINT WARNING * * *
You feel very sick.
Blork the orc hits you from afar with a +0 glaive of venom!
You die...

.... #... ..
....
#..######...
#...........
#..........
##..##..#
#.<....#.
#$.....<.#
##.......##
#.@......#
#.....†...##...
#.#.o..........#
#.##.........#
... #.......>
... ..#......
.... .........
... ....[....


You could see Blork the orc (fast, strong).

Vanquished Creatures
  A necrophage (D:4)
  The ghost of ghwc the Pure, an amateur DsAK of Lugonu (D:2)
  2 scorpions
  A hound (D:4)
  An orc priest (D:3)
  A hound skeleton (D:4)
  7 adders
  10 gnolls
  2 worms (D:2)
  3 dart slugs
  5 orcs (D:3)
  4 endoplasms
  3 giant cockroaches
  7 hobgoblins
  2 jackals (D:1)
  5 kobolds
  5 quokkas
  9 ball pythons
  4 bats
  4 frilled lizards
  17 goblins
  7 rats
101 creatures vanquished.

Notes
Turn   | Place    | Note
-------+----------+-------------------------------------------
     0 | D:1      | McKennaii the Demonspawn Fighter began the quest for the
                  | Orb.
     0 | D:1      | Reached XP level 1. HP: 18/18 MP: 1/1
   414 | D:1      | Gained mutation: You are partially covered in molten
                  | scales. (AC +2) [demonic ancestry]
   414 | D:1      | Reached XP level 2. HP: 24/24 MP: 2/2
   721 | D:1      | Reached XP level 3. HP: 29/29 MP: 3/3
   848 | D:1      | Found a faded altar of an unknown god.
  1567 | D:2      | Gained mutation: You have a pair of small antennae on your
                  | head. [demonic ancestry]
  1567 | D:2      | Reached XP level 4. HP: 36/36 MP: 4/4
  2613 | D:3      | Gained mutation: You are partially covered in sharp spines.
                  | [demonic ancestry]
  2613 | D:3      | Reached XP level 5. HP: 39/42 MP: 5/5
  2748 | D:3      | Found a large runed translucent door.
  2748 | D:3      | Found a large runed translucent door.
  2750 | D:3      | Noticed ghwc's ghost (amateur DsAK)
  3667 | D:2      | Gained mutation: You are clumsy. (Dex -2) [potion of
                  | mutation]
  3667 | D:2      | Gained mutation: You are robust. (+10% HP) [potion of
                  | mutation]
  3718 | D:2      | HP: 2/46 [ghwc's ghost (3)]
  3722 | D:2      | Killed ghwc's ghost
  3723 | D:2      | Reached skill level 1 in Dodging
  3723 | D:2      | Reached XP level 6. HP: 2/52 MP: 6/6
  4287 | D:4      | Found a staircase to the Ecumenical Temple.
  4325 | Temple   | Entered the Ecumenical Temple
  4401 | Temple   | Became a worshipper of Makhleb the Destroyer
  5093 | D:4      | Gained mutation: You regenerate a little health from kills.
                  | [demonic ancestry]
  5093 | D:4      | Reached XP level 7. HP: 47/59 MP: 7/7
  5330 | D:5      | Entered Level 5 of the Dungeon
  5567 | D:5      | Noticed Blork the orc
  5576 | D:5      | Slain by Blork the orc

Illustrated notes

Levels and vault maps discovered:
D:1:      kennysheep_arrival_forest, layout_basic, basic_ecumenical_altar,
          st_stairs_9
D:2:      layout_loops_ring, serial_bayou_pond_d, kennysheep_generic_room_10
D:3:      layout_basic, ebering_ghost_disaster_area, corexii_hall_statues_x
D:4:      layout_cave_pools, minmay_temple_entry_junction
D:5:      layout_rooms, mainiacjoe_overflow_six_doors_small,
          hangedman_decor_growths, uniq_blork_the_orc
Temple:   eino_narrow_crystal_temple

Skill      XL: |  1  2  3  4  5  6 |
---------------+-------------------+-----
Armour         | 3 4 |  4.2
Polearms       | 2 3 4 |  4.9
Shields        | 3 |  3.6
Fighting       | 4 |  4.3
Dodging        | 1 |  1.4
Stealth        | |  0.3

Action                   |  1- 3 |  4- 6 |  7- 9 || total
-------------------------+-------+-------+-------++-------
Melee: Trident           |   143 |   314 |    19 ||   476
Evoke: Wand              |       |     1 |       ||     1
  Use: Scroll            |       |     3 |       ||     3
       Potion            |       |     3 |       ||     3
Armor: Scale mail        |    68 |   118 |    12 ||   198
       Skin              |       |    30 |       ||    30
Dodge: Dodged            |    40 |    85 |     9 ||   134
Block: Kite shield       |    65 |   155 |    15 ||   235
